AoeStats
← jusart.92

Arabia

510670872Analyzed
3v3 RM · 1d ago on Oct 2, 2026· 24m 22s· 6 players
Game mode
Random Map
Map size
Normal (6 player)
Population
200
Speed
Normal
Resources
Standard
Victory
Conquest
Starting age
Dark Age
Ending age
Imperial Age
RankedLock teamsTeams togetherTeam positionsShared explorationLock speedFull tech treeHidden civsTurbo modeCheats
Victory
Defeat
🇲🇽 Bengalis · Mexico
1170
+11
🇲🇽 Maya · Mexico
1128
+13
🇷🇺 Koreans · Russia
1109
+14
🇲🇽 Bulgarians · Mexico
1086
-14
🇦🇷 Inca · Argentina
1070
-13
🇦🇷 Burgundians · Argentina
1017
-11
EssLaBoa
0:32 Loom
12:01 Feudal Age
16:13 Castle Age
15:07 Double-Bit Axe
17:16 Wheelbarrow
16:24 Horse Collar
22:17 Fervor
22:26 Crossbowman
23:51 Stone Mining
Tog Rulgay
9:12 Loom
10:58 Feudal Age
9:16 Loom
12:27 Double-Bit Axe
15:54 Castle Age
13:58 Horse Collar
18:50 Stone Mining
19:56 Wheelbarrow
19:32 Fletching
jusart.92
3:48 Loom
9:01 Feudal Age
12:34 Fletching
18:38 Padded Archer Armor
23:52 Castle Age
23:12 Double-Bit Axe
23:19 Gold Mining
24:31 Bodkin Arrow
23:58 Crossbowman
24:55 Leather Archer Armor
Arqha
6:31 Loom
8:52 Feudal Age
9:34 Double-Bit Axe
16:18 Wheelbarrow
19:36 Castle Age
19:04 Scale Barding Armor
19:34 Bloodlines
19:38 Forging
20:11 Fletching
20:45 Chain Barding Armor
El_Cacas
7:35 Loom
10:20 Feudal Age
10:50 Double-Bit Axe
12:35 Horse Collar
14:05 Fletching
21:07 Castle Age
20:19 Padded Archer Armor
20:40 Gold Mining
21:43 Bodkin Arrow
21:59 Crossbowman
23:05 Heavy Plow
el_fan_de_wanda
10:26 Feudal Age
9:10 Double-Bit Axe
13:43 Loom
19:56 Fletching
20:07 Padded Archer Armor
25:18 Castle Age
24:15 Horse Collar
Connection lost

Rejoining the realm…

Still unreachable

The connection could not be restored.

Session expired

The server has moved on; the page needs a fresh start.